 Dungeon Crawl Stone Soup version 0.30.0-29-ga12c61a403 (webtiles) character file.

Game seed: 6627885118217213517

12407 Graphine the Fighter (level 11, -12/87 HPs)
             Began as a Demonspawn Monk on June 21, 2023.
             Mangled by a reaper
             ... wielding a +1 scythe of protection
              (31 damage)
             ... in a Gauntlet.
             The game lasted 00:30:07 (12502 turns).

Graphine the Fighter (Demonspawn Monk)             Turns: 12502, Time: 00:30:08

Health: -12/87     AC:  5    Str: 11    XL:     11   Next: 62%
Magic:  11/14      EV: 19    Int: 12    God:
Gold:   688        SH:  0    Dex: 26    Spells: 7/14 levels left

rFire   . . .        H - +2 dagger (elec)
rCold   + . .        (no shield)
rNeg    . . .        M - +1 robe {Will+}
rPois   .            (no helmet)
rElec   .            (no cloak)
rCorr   +            (gloves unavailable)
SInv    .            (no boots)
Will    +....        u - amulet of faith
Stlth   ++           J - ring of Abying {rC+ rCorr Slay+2}
HPRegen 0.34/turn    I - +6 ring of dexterity
MPRegen 0.14/turn

%: no teleportation, faith
@: mighty, very slightly contaminated, invisible
A: powered by pain 1, sharp scales 2, demonic magic 1, demonic touch 3
a: no special abilities


You were in a Gauntlet.
You visited 2 branches of the dungeon, and saw 11 of its levels.
You also visited: Sewer and Gauntlet.

You collected 688 gold pieces.

Inventory:

Hand Weapons
 o - a +2 short sword of freezing
 G - the +10 halberd "Ytelireng" {vamp, rC- Will+ Int+3}
   (You found it on level 7 of the Dungeon)

   Int:       It affects your intelligence (+3).
   rC:        It makes you vulnerable to cold.
   Will:      It increases your willpower.
 H - a +2 dagger of electrocution (weapon)
Missiles
 d - 6 curare-tipped darts
Armour
 s - a +1 pair of gloves
 M - a +1 robe of willpower (worn)
Jewellery
 b - a ring of protection from cold
 g - an amulet of regeneration
 r - a ring of protection from cold
 u - an amulet of faith (around neck)
 I - a +6 ring of dexterity (right hand)
 J - the ring of Abying (left hand) {rC+ rCorr Slay+2}
   (You found it on level 7 of the Dungeon)

   [ring of protection from cold]

   Slay:      It affects your accuracy & damage with ranged weapons and melee
   (+2).
   rC:        It protects you from cold.
   rCorr:     It protects you from acid and corrosion.
 K - a +4 ring of protection
Wands
 a - a wand of roots (4)
 h - a wand of light (7)
 y - a wand of mindburst (3)
 B - a wand of digging (8)
 D - a wand of charming (19)
Scrolls
 l - 2 scrolls of blinking
 n - 2 scrolls of teleportation
 t - 4 scrolls of fear
 v - 2 scrolls of vulnerability
 w - 2 scrolls of amnesia
 C - 4 scrolls of poison
 E - 2 scrolls of fog
 F - 2 scrolls of magic mapping
 L - 2 scrolls of identify
 O - a scroll of acquirement {unknown}
 Q - a scroll of brand weapon {unknown}
Potions
 c - 4 potions of ambrosia
 e - 6 potions of flight
 f - 2 potions of mutation
 i - 3 potions of brilliance
 j - a potion of invisibility
 k - 2 potions of resistance
 m - 3 potions of might
 p - 7 potions of curing
 q - 4 potions of lignification
 x - a potion of magic
 z - 3 potions of attraction
 A - 2 potions of haste
 P - a potion of cancellation {unknown}


   Skills:
 + Level 8.7 Fighting
 + Level 7.8 Long Blades
 - Level 0.8 Polearms
 - Level 7.0 Throwing
 + Level 8.0 Dodging
 + Level 7.2 Unarmed Combat
 - Level 2.0 Spellcasting
 - Level 2.0 Conjurations
 - Level 4.0 Air Magic


You had 7 spell levels left.
You knew the following spells:

 Your Spells              Type           Power      Damage    Failure   Level
a - Shock                 Conj/Air       32%        1d5       8%          1
b - Swiftness             Air            10%        N/A       16%         3
c - Vhi's Electric Charg  Tloc/Air       12%        N/A       34%         3

Your spell library contained the following spells:

 Spells                   Type           Power      Damage    Failure   Level
 Magic Dart               Conj           24%        1d4       12%         1
 Searing Ray              Conj           12%        2d4       19%         2
 Airstrike                Air            5%         2d(1-17)  45%         4
 Ozocubu's Armour         Ice            1%         N/A       63%         3
 Portal Projectile        Hex/Tloc       2%         N/A       63%         3
 Tukima's Dance           Hex            1%         N/A       63%         3
 Fulminant Prism          Conj/Hex       1%         3d5       87%         4
 Arcjolt                  Conj/Air       4%         1d14      91%         5
 Blade Hands              Tmut           0%         N/A       100%        5
 Ozocubu's Refrigeration  Ice            0%         4d7       100%        7
 Maxwell's Capacitive Co  Air            5%         ∞         100%        8


Dungeon Overview and Level Annotations

Branches:
Dungeon (9/15)             Temple (0/1) D:7            Lair (2/5) D:9
  Sewer (visited)         Gauntlet (1/1)
  Swamp: Lair:2-3    Shoals: Lair:2-3     Snake: Lair:2-3    Spider: Lair:2-3
    Orc: D:9-12

Altars:
Cheibriados
Dithmenos
Gozag
Uskayaw

Shops:
D:6 ?   D:8 ?

Annotations:
Gauntlet 11 transporters


Innate Abilities, Weirdness & Mutations

You sometimes gain a little power by taking damage.
You are mostly covered in razor-sharp scales. (AC +2, Slay +2)
Spells you cast may paralyse adjacent enemies.
Your touch may irresistibly damage your foes and sap their willpower.


Message History

Casting: Shock (safe; 8% risk of failure)
Confirm with . or Enter, or press ? or * to list all spells.
Aiming: Shock (safe; 8% risk of failure)
Press: ? - help, Shift-Dir - straight line, f/p - reaper
Aim: a reaper, wielding a +1 scythe of protection (lightly wounded, 68% to hit)
The zap hits the reaper but does no damage.
The reaper is lightly wounded.
Malevolent energies surge around you. The reaper completely misses you.
Casting: Shock (safe; 8% risk of failure)
Confirm with . or Enter, or press ? or * to list all spells.
Aiming: Shock (safe; 8% risk of failure)
Press: ? - help, Shift-Dir - straight line, f/p - reaper
Aim: a reaper, wielding a +1 scythe of protection (lightly wounded, 68% to hit)
The zap hits the reaper but does no damage.
The reaper is lightly wounded.
Malevolent energies surge around you.
The shadow imp shouts, "Decamp, thou odious milk-livered whip-jack!"
The reaper completely misses you.
Casting: Shock (safe; 8% risk of failure)
Confirm with . or Enter, or press ? or * to list all spells.
Aiming: Shock (safe; 8% risk of failure)
Press: ? - help, Shift-Dir - straight line, f/p - reaper
Aim: a reaper, wielding a +1 scythe of protection (lightly wounded, 68% to hit)
The zap hits the reaper but does no damage.
The reaper is lightly wounded.
Malevolent energies surge around you.
The reaper shouts, "I have come for you, Graphine!"
The reaper hits you with a +1 scythe of protection!!!
Ouch! That really hurt!
* * * LOW HITPOINT WARNING * * *
You focus on the pain.
You feel very mighty all of a sudden.
You feel much better. The reaper barely misses you.
You fade into invisibility!
The reaper hits you with a +1 scythe of protection!
* * * LOW HITPOINT WARNING * * *
You completely miss the reaper.
The reaper is lightly wounded.
The reaper hits you with a +1 scythe of protection!!
You die...

≈#≈#≈#≈#...........§.#≈#≈#≈#§#≈#§
...........∩..8..∩.........§§§§§.
.8.....8......§......8.....8.§...
.©.......###########.......©.....
######...#.........#...#########.
##..k#...#.#.....#.#...#.......#.
.##.Z#...#..#####..#...#..#....#.
..##Z#...#..##.##2.#...#.###...#.
#©.#.#.8.#....©5@..#.8.#..#©#..#.
##...#...#..##.##..#...#...###.#.
?##..#...#..#####..#...#3...#..#.
.©##.#...#.#.....#.#...#.!.©=:3#.
######...#..=5©?!..#...#########.
.©.#.....###########.....#.©.#...
.8.#...8....#.©.#....8...#.8.#...
.©.#........#...#........#.©.#...
#######.....#.©.#.....###########


You could see a reaper and a shadow imp (unable to see you).

Vanquished Creatures
  2 hydras
  2 two-headed ogres
  A skyshark (Lair:2)
  3 cane toads
  A polar bear (Lair:1)
  A hornet (Lair:2)
  4 blink frogs (Lair:1)
  Sigmund (D:5)
  2 wyverns
  6 yaks
  A shadow (D:9)
  A wraith (D:9)
  A basilisk (Lair:2)
  4 steam dragons
  6 water moccasins
  2 swamp worms (D:7)
  Edmund (D:6)
  2 acid dragons
  Duvessa (D:4)
  An orc warrior (D:8)
  2 ice beasts (D:8)
  A sky beast (D:7)
  3 black bears
  An ogre (D:5)
  3 centaurs
  2 phantoms
  4 kobold brigands
  6 bullfrogs
  A gnoll sergeant (D:6)
  2 scorpions
  20 wights
  Dowan (D:4)
  2 jellies
  2 howler monkeys
  7 hounds
  3 orc priests
  An iron imp (D:3)
  2 sleepcaps
  4 iguanas
  6 orc wizards
  A mummy (D:5)
  6 adders
  9 gnolls
  4 river rats (Sewer)
  A shadow imp (D:7)
  3 ufetubi
  8 worms
  3 dart slugs
  20 orcs
  3 endoplasms
  5 giant cockroaches
  3 goblins
  8 hobgoblins
  7 jackals
  23 kobolds
  7 quokkas
  13 ball pythons
  11 bats
  5 frilled lizards
  3 hobgoblin zombies (D:5)
  An orc zombie (D:5)
  5 rats
265 creatures vanquished.

Notes
Turn   | Place    | Note
-------+----------+-------------------------------------------
     0 | D:1      | Graphine the Demonspawn Monk began the quest for the Orb.
     0 | D:1      | Reached XP level 1. HP: 18/18 MP: 1/1
   314 | D:1      | Gained mutation: Your touch may inflict minor irresistible
                  | damage on your foes. [demonic ancestry]
   314 | D:1      | Reached XP level 2. HP: 23/24 MP: 2/2
   349 | D:1      | Found a faded altar of an unknown god.
   941 | D:2      | Reached XP level 3. HP: 29/29 MP: 3/3
  1652 | D:3      | Found an opulent altar of Gozag.
  1679 | D:3      | Reached skill level 1 in Throwing
  1679 | D:3      | Gained mutation: You sometimes gain a little power by
                  | taking damage. [demonic ancestry]
  1679 | D:3      | Reached XP level 4. HP: 13/35 MP: 4/4
  1895 | D:3      | Reached skill level 1 in Unarmed Combat
  2192 | D:3      | Found a snail-covered altar of Cheibriados.
  2451 | D:4      | Noticed Dowan
  2452 | D:4      | Noticed Duvessa
  2469 | D:4      | Killed Duvessa
  2470 | D:4      | Reached XP level 5. HP: 8/42 MP: 5/5
  2476 | D:4      | Killed Dowan
  2477 | D:4      | Gained mutation: You are partially covered in razor-sharp
                  | scales. (AC +1, Slay +1) [demonic ancestry]
  2477 | D:4      | Reached XP level 6. HP: 6/48 MP: 6/6
  2835 | D:4      | Found a glowing drain.
  2854 | Sewer    | Entered a sewer
  3670 | D:4      | Gained mutation: Your touch may inflict irresistible damage
                  | on your foes. [demonic ancestry]
  3670 | D:4      | Reached XP level 7. HP: 53/55 MP: 7/7
  3976 | D:5      | Entered Level 5 of the Dungeon
  4571 | D:5      | Noticed Sigmund
  4592 | D:5      | Killed Sigmund
  4593 | D:5      | Reached skill level 5 in Fighting
  4875 | D:5      | Gained mutation: Spells you cast may paralyse adjacent
                  | enemies. [demonic ancestry]
  4875 | D:5      | Reached XP level 8. HP: 28/62 MP: 8/8
  4950 | D:5      | Learned a level 1 spell: Shock
  5518 | D:6      | Reached skill level 1 in Conjurations
  5525 | D:6      | Reached skill level 1 in Spellcasting
  5525 | D:6      | Reached skill level 1 in Air Magic
  5746 | D:6      | Reached skill level 5 in Long Blades
  5790 | D:6      | Noticed Edmund
  5803 | D:6      | Killed Edmund
  5804 | D:6      | Reached skill level 5 in Dodging
  6487 | D:6      | Gained mutation: You are mostly covered in razor-sharp
                  | scales. (AC +2, Slay +2) [demonic ancestry]
  6487 | D:6      | Reached XP level 9. HP: 57/69 MP: 6/11
  6743 | D:6      | Found Diuron's Magic Scroll Boutique.
  7498 | D:7      | Identified the +10 halberd "Ytelireng" {vamp, rC- Will+
                  | Int+3}
  7647 | D:7      | Found a staircase to the Ecumenical Temple.
  8213 | D:7      | Identified the ring of Abying {rC+ rCorr Slay+2}
  8241 | D:8      | Found a shadowy altar of Dithmenos.
  8364 | D:8      | Reached skill level 5 in Unarmed Combat
  8403 | D:8      | Reached skill level 5 in Throwing
  8443 | D:8      | Noticed a two-headed ogre
  8465 | D:8      | Reached XP level 10. HP: 37/77 MP: 10/13
  8466 | D:8      | Killed a two-headed ogre
  9363 | D:8      | Found Lodaulif's Magic Scroll Shoppe.
  9831 | D:9      | Noticed a two-headed ogre
  9849 | D:9      | Killed a two-headed ogre
 10282 | D:9      | Found a staircase to the Lair.
 10381 | D:9      | Found a hide-covered altar of Uskayaw.
 10573 | D:9      | Learned a level 3 spell: Swiftness
 10577 | D:9      | Learned a level 3 spell: Vhi's Electric Charge
 10578 | Lair:1   | Entered Level 1 of the Lair of Beasts
 10672 | Lair:1   | Noticed a six-headed hydra
 10684 | Lair:1   | Killed a six-headed hydra
 10685 | Lair:1   | Gained mutation: Your touch may irresistibly damage your
                  | foes and sap their willpower. [demonic ancestry]
 10685 | Lair:1   | Reached XP level 11. HP: 36/86 MP: 11/14
 12081 | Lair:2   | Noticed an eight-headed hydra
 12088 | Lair:2   | Killed an eight-headed hydra
 12283 | Lair:2   | Noticed a skyshark
 12284 | Lair:2   | Found a gate leading to a gauntlet.
 12298 | Lair:2   | Killed a skyshark
 12320 | Gauntlet | Entered a Gauntlet
 12320 | Gauntlet | Found a transporter.
 12329 | Gauntlet | Found a transporter.
 12346 | Gauntlet | Found a transporter.
 12349 | Gauntlet | Found a transporter.
 12351 | Gauntlet | Noticed a fire crab
 12369 | Gauntlet | Found a transporter.
 12382 | Gauntlet | Found a transporter.
 12383 | Gauntlet | Noticed a hell hog
 12388 | Gauntlet | Found a transporter.
 12391 | Gauntlet | Found a transporter.
 12412 | Gauntlet | Noticed a thrashing horror
 12416 | Gauntlet | Found a transporter.
 12420 | Gauntlet | Noticed a thrashing horror
 12433 | Gauntlet | Found a transporter.
 12437 | Gauntlet | Found a transporter.
 12439 | Gauntlet | Noticed a death drake
 12445 | Gauntlet | Found a transporter.
 12460 | Gauntlet | Noticed a reaper
 12499 | Gauntlet | HP: 4/87 [reaper/+1 scythe of protection (44)]
 12502 | Gauntlet | Mangled by a reaper

Illustrated notes

Levels and vault maps discovered:
D:1:      pf_arrival_petrified_forest, layout_loops_ring,
          ebering_ecumenical_altar_abandoned
D:2:      layout_basic
D:3:      layout_rooms, overflow_temple_1_default, slow_altar_2
D:4:      layout_gridville, cheibrodos_sewer_entry_drain, uniq_duvessa
D:5:      layout_loops_corners, minmay_mini_ossuary, uniq_sigmund
D:6:      layout_basic, serial_shops, shop, uniq_edmund
D:7:      layout_loops_ring, minmay_temple_entry_proselytizer, minivault_1,
          hex_large, worms_lemuel
D:8:      kennysheep_six_static_rooms, layout_basic,
          grunt_dithmenos_smoke_and_mirrors, serial_shops,
          nicolae_shop_rolling_square
D:9:      layout_cross, mainiacjoe_overflow_six_doors_small, lair_entry_dummy
Lair:1:   layout_chaotic_city
Lair:2:   minmay_guarded_unrand_snakebite, layout_small_grid,
          minmay_shoals_entry_beasts, gauntlet_entry_generic,
          hangedman_tree_tricks, infiniplex_staircase_pool, uniq_amaemon,
          uniq_sonja
Gauntlet: minmay_gauntlet_mixed_oops_all_seconds
          [minmay_gauntlet_arena_77_two_lines, nicolae_gauntlet_arena_blocks,
          minmay_gauntlet_arena_77_double_cross,
          nicolae_gauntlet_arena_quarters, minmay_gauntlet_arena_77_checkered,
          gammafunk_gauntlet_arena_teeth, gauntlet_exit_watery]

Skill      XL: |  1  2  3  4  5  6  7  8  9 10 11 |
---------------+----------------------------------+-----
Long Blades    | 3 4 5 6 7 |  7.8
Dodging        | 3 4 5 6 7 8 |  8.0
Throwing       | 1 2 3 4 5 6 7 |  7.0
Unarmed Combat | 1 2 3 4 5 6 7 |  7.2
Fighting       | 4 5 6 8 |  8.7
Conjurations   | 2 |  2.0
Spellcasting   | 1 2 |  2.0
Air Magic      | 1 3 4 |  4.0
Polearms       | |  0.8

Action                     |  1- 3 |  4- 6 |  7- 9 | 10-12 || total
---------------------------+-------+-------+-------+-------++-------
  Melee: Falchion          |    29 |       |       |       ||    29
         Short sword       |    49 |   148 |   215 |       ||   412
         Touch             |    10 |    30 |    48 |    22 ||   110
         Punch             |       |     1 |     9 |     5 ||    15
         Dagger            |       |       |    31 |   108 ||   139
         Halberd           |       |       |    16 |       ||    16
  Throw: Boomerang         |    39 |       |       |       ||    39
         Dart              |       |       |       |     1 ||     1
   Cast: Shock             |       |       |    72 |    99 ||   171
  Evoke: Wand              |       |       |     5 |     2 ||     7
    Use: Scroll            |     9 |    10 |     3 |     5 ||    27
         Potion            |       |     1 |     1 |     8 ||    10
   Stab: Invisible         |       |     3 |       |     2 ||     5
         Sleeping          |       |     2 |     7 |     1 ||    10
         Paralysed         |       |       |    26 |    65 ||    91
 Armour: Robe              |    11 |    32 |    46 |    31 ||   120
  Dodge: Dodged            |    48 |   113 |   180 |   183 ||   524
